 Dungeon Crawl Stone Soup version 0.29-a0-700-g2f1814c7b2 (webtiles) character file.

Game seed: 10600464220960762090

32 gobodom the Charlatan (level 3, -1/26 HPs)
             Began as a Demonspawn Artificer on June 25, 2022.
             Slain by an iguana (9 damage)
             ... on level 4 of the Dungeon on June 26, 2022.
             The game lasted 00:06:38 (1726 turns).

gobodom the Charlatan (Demonspawn Artificer)        Turns: 1726, Time: 00:06:38

Health: -1/26      AC:  0    Str: 14    XL:     3   Next: 10%
Magic:  3/3        EV: 11    Int: 12    God:
Gold:   88         SH:  0    Dex: 13    Spells: 2/2 levels left

rFire   . . .      SeeInvis .   k - +0 quarterstaff
rCold   . . .      Faith    .   (shield currently unavailable)
rNeg    . . .      Spirit   .   (no body armour)
rPois   .          Reflect  .   (no helmet)
rElec   .          Harm     .   (no cloak)
rCorr   .          Rampage  .   (no gloves)
Will    .....                   (no boots)
Stlth   ++........              (no amulet)
HPRegen 0.08/turn               (no ring)
MPRegen 0.08/turn               (no ring)

@: no status effects
A: powered by death 1
a: no special abilities


You were on level 4 of the Dungeon.
You visited 1 branch of the dungeon, and saw 3 of its levels.

You collected 88 gold pieces.

Inventory:

Hand Weapons
 j - a +0 war axe
 k - a +0 quarterstaff (weapon)
Missiles
 g - 6 boomerangs (quivered)
 i - 7 poisoned darts
Armour
 b - a +0 leather armour
 h - a +0 chain mail
 n - a +0 ring mail
 q - the +1 robe of the Orb {Will+ Str+3}
   (You found it on level 4 of the Dungeon)

   Str:       It affects your strength (+3).
   Will:      It increases your willpower.
Wands
 c - a wand of flame (11)
 d - a wand of charming (15)
 e - a wand of iceblast (9)
Scrolls
 a - a scroll of amnesia {unknown}
 f - 3 scrolls of identify {unknown}
 m - a scroll of magic mapping {unknown}
 o - a scroll of teleportation {unknown}
Potions
 l - a potion of brilliance {unknown}
 p - a potion of might {unknown}


   Skills:
 + Level 1.0 Fighting
 + Level 0.5(0.6) Maces & Flails
 + Level 0.3(0.5) Staves
 + Level 2.1 Armour
 + Level 1.1 Dodging
 + Level 0.8 Stealth
 + Level 3.7 Evocations


You had 2 spell levels left.
You didn't know any spells.
Your spell library contained the following spells:

 Spells                   Type           Power      Damage    Failure   Level
 Sting                    Tmut/Pois      0%         1d3       32%         1
 Portal Projectile        Hex/Tloc       0%         N/A       69%         3
 Anguish                  Hex/Necr       0%         N/A       97%         4
 Silence                  Hex/Air        0%         N/A       100%        5


Dungeon Overview and Level Annotations

Branches:
Dungeon (2/15)

Altars:


Innate Abilities, Weirdness & Mutations

You regenerate a little health from kills.


Message History

You see here 5 stones.
You now have 75 gold pieces (gained 13).
There is a shaft here.
o - a scroll labelled QYKHLE HUORASYR
Found a stone staircase leading up.
p - a fuming yellow potion Done exploring.
There is a shaft here.
There is a shaft here.
You fall into a shaft and drop 2 floors!
The shaft crumbles and collapses.
Found a creamy pearl robe.
You now have 88 gold pieces (gained 13).
You see here the +1 robe of the Orb {Will+ Str+3}.
q - the +1 robe of the Orb {Will+ Str+3} You start removing your armour.
You continue taking off your +0 ring mail. x4
You finish taking off your +0 ring mail.
You open the door.
An iguana comes into view.
The iguana moves out of view.
The iguana hisses angrily.
There is an open door here.
You barely miss the iguana. The iguana bites you!
You hit the iguana.
The iguana is moderately wounded.
The iguana misses you.
You barely miss the iguana.
The iguana is moderately wounded.
The iguana closely misses you.
You hit the iguana.
The iguana is heavily wounded.
The iguana bites you! The iguana misses you.
You closely miss the iguana.
The iguana is heavily wounded.
The iguana barely misses you.
You completely miss the iguana.
The iguana is moderately wounded.
The iguana bites you!
You die...

##########+#
#........#.#
#........#.#
#........#.#####
####.....@.....#
#.....#l###.##
#.#...#......
#.#.#.#####.#
#.#.#.###.#.###
###.#.........#
#.#.....#.#.#
#.#.###.#.#.#
#.#.# ..#.#.#


You could see an iguana.

Vanquished Creatures
  2 dart slugs
  3 bats
  2 endoplasms (D:1)
  3 giant cockroaches (D:1)
  4 goblins
  2 hobgoblins (D:1)
  2 quokkas
  3 ball pythons
  A frilled lizard (D:1)
  2 kobolds
24 creatures vanquished.

Notes
Turn   | Place    | Note
-------+----------+-------------------------------------------
     0 | D:1      | gobodom the Demonspawn Artificer began the quest for the
                  | Orb.
     0 | D:1      | Reached XP level 1. HP: 15/15 MP: 1/1
   274 | D:1      | Reached skill level 1 in Dodging
   454 | D:1      | Gained mutation: You regenerate a little health from kills.
                  | [demonic ancestry]
   454 | D:1      | Reached XP level 2. HP: 21/21 MP: 2/2
  1279 | D:2      | Reached XP level 3. HP: 20/26 MP: 3/3
  1321 | D:2      | Got Sif Muna's Tome of Unstable Hexes
  1332 | D:2      | Found a faded altar of an unknown god.
  1684 | D:2      | You fall into a shaft and drop 2 floors!
  1698 | D:4      | Identified the +1 robe of the Orb {Will+ Str+3}
  1726 | D:4      | Slain by an iguana

Illustrated notes

Levels and vault maps discovered:
D:1:      minmay_arrival_hallway, layout_basic
D:2:      layout_basic, dilly_ecumenical_altar_fadedgnrine
D:4:      layout_basic, mainiacjoe_overflow_swirl, kennysheep_generic_room_16

Skill      XL: |  1  2 |
---------------+-------+-----
Dodging        | 1 |  1.1
Armour         | 2 |  2.1
Fighting       | |  1.0
Maces & Flails | |  0.5
Staves         | |  0.3
Stealth        | |  0.8
Evocations     | |  3.7

Action                   || total
-------------------------++-------
Melee: Club              ||    36
       Quarterstaff      ||    34
Throw: Dart              ||     4
Evoke: Wand              ||     4
  Use: Scroll            ||     1
 Stab: Sleeping          ||     1
Armor: Leather armour    ||     8
       Chain mail        ||    22
       Ring mail         ||     1
Dodge: Dodged            ||    40

Table legend: (Time is in decaauts)
 A = Elapsed time spent in this place.
 B = Non-inter-level travel time spent in this place.
 C = Inter-level travel time spent in this place.
 D = Time resting spent in this place.
 E = Time spent auto-exploring this place.
 F = Levels seen in this place.
 G = Mean time per level.
                   A        B        C        D        E       F      G
               +--------+--------+--------+--------+--------+-----+--------+
         Total |   1744 |   1744 |      0 |     81 |   1111 |   3 |  581.3 |
       Dungeon |   1744 |   1744 |      0 |     81 |   1111 |   3 |  581.3 |
               +--------+--------+--------+--------+--------+-----+--------+

Top non-repeatable levels by time:
     D:1: 1017 daAuts
     D:2: 684 daAuts
     D:4: 43 daAuts
